 Dungeon Crawl Stone Soup version 0.31.0-32-g396128a36d (webtiles) character file.

Game seed: 5976953846731941164

471 mparten the Ruffian (level 6, -4/62 HPs)
             Began as a Troll Shapeshifter on Mar 31, 2024.
             Shot with an arrow by a centaur (7 damage)
             ... on level 5 of the Dungeon.
             The game lasted 00:09:10 (2175 turns).

mparten the Ruffian (Troll Shapeshifter)            Turns: 2175, Time: 00:09:11

Health: -4/62      AC:  4    Str: 25    XL:     6   Next: 83%
Magic:  5/5        EV:  9    Int:  6    God:
Gold:   81         SH:  0    Dex:  9    Spells: 5/5 levels left

rFire   . .          .
                       - Unarmed
rCold   . . .        (no shield)
rNeg    . . .        a - +0 animal skin
rPois   .            (helmet currently unavailable)
rElec   .            f - melded +0 cloak
rCorr   .            (gloves unavailable)
SInv    .            (boots unavailable)
Will    .....        (no amulet)
Stlth   +            (no ring)
HPRegen 1.10/turn    (no ring)
MPRegen 0.09/turn

%: no passive effects
@: beast-form
A: beast (slay +2), large, unfitting armour, claws 3, regeneration 1, shaggy fur
1, tough skin 1
a: Begin Untransformation


You were on level 5 of the Dungeon.
You were a hulking beast.
You visited 1 branch of the dungeon, and saw 5 of its levels.

You collected 81 gold pieces.

Inventory:

Hand Weapons
 s - a +2 short sword of protection
Missiles
 x - a throwing net (quivered)
Armour
 a - a +0 animal skin (worn)
 f - a +0 cloak (melded)
 p - the +1 leather armour "Ydy Sasa" {rF+ Int+5}
   (You found it on level 2 of the Dungeon)

   Int+5:     It affects your intelligence (+5).
   rF+:       It protects you from fire.
 y - a +0 helmet
Jewellery
 F - a ring of protection from fire
Talismans
 c - a beast talisman (active)
 d - a flux talisman
Wands
 r - a wand of roots (14)
Scrolls
 g - 3 scrolls of teleportation {unknown}
 h - 6 scrolls of identify {unknown}
 k - 4 scrolls of enchant weapon {unknown}
 m - 5 scrolls of amnesia {unknown}
 n - a scroll of poison {unknown}
 q - a scroll of fog {unknown}
 z - a scroll of noise {unknown}
Potions
 b - a potion of lignification
 e - 3 potions of curing {unknown}
 i - a potion of ambrosia {unknown}
 j - a potion of enlightenment {unknown}
 l - a potion of magic {unknown}
 o - a potion of heal wounds {unknown}
 t - a potion of degeneration {unknown}
 u - a potion of attraction {unknown}
 v - a potion of invisibility {unknown}
 w - a potion of haste {unknown}


   Skills:
 * Level 3.7 Fighting
 - Level 1.5 Dodging
 * Level 5.4 Unarmed Combat
 + Level 4.1 Shapeshifting


You had 5 spell levels left.
You didn't know any spells.
Your spell library contained the following spells:

 Spells                   Type           Power      Damage    Failure   Level
 Dazzling Flash           Conj/Hex       0%         N/A       83%         3
 Ozocubu's Armour         Ice            0%         N/A       83%         3
 Volatile Blastmotes      Fire/Tloc      0%         2d10      83%         3
 Metabolic Englaciation   Hex/Ice        0%         N/A       100%        5
 Sculpt Simulacrum        Ice/Alch       0%         N/A       100%        6
 Starburst                Conj/Fire      0%         6d3       100%        6
 Maxwell's Capacitive Co  Air            0%         ∞         100%        8


Dungeon Overview and Level Annotations

Branches:
Dungeon (5/15)
 Temple: D:4-7

Altars:
Sif Muna

Shops:
D:4 *


Innate Abilities, Weirdness & Mutations

You are a hulking beast.
Your limbs bulge with bestial killing power. (Slay +2)
You are too large for most types of armour.
You have claws for hands.
Your natural rate of healing is unusually fast.
You are covered in fur. (AC +1)
You have tough skin. (AC +1)


Message History

The centaur wields a +0 shortbow.
The centaur shoots an arrow.
The arrow hits you.
You hear a shout!
You take 5 damage, and have 57/62 hp.
An ogre comes into view. It is wielding a +0 giant club.
The centaur shoots an arrow.
The arrow hits you!
An orc priest comes into view. It is wielding a +0 falchion.
The ogre hits you with a +0 giant club!
You take 16 damage, and have 41/62 hp.
MASSIVE DAMAGE!!
You are too injured to fight recklessly!
You are too injured to fight recklessly!
You are too injured to fight recklessly!
You are too injured to fight recklessly!
You are too injured to fight recklessly!
You are too injured to fight recklessly!
You are too injured to fight recklessly!
You are too injured to fight recklessly!
You are too injured to fight recklessly!
Press: ? - help, v - describe, . - travel The floor.
There are monsters nearby!
The centaur shoots an arrow.
The arrow hits you.
The centaur shoots an arrow.
The arrow hits you!
You take 14 damage, and have 27/62 hp.
MASSIVE DAMAGE!!
The centaur shoots an arrow.
The arrow hits you!
You take 10 damage, and have 20/62 hp.
The centaur shoots an arrow.
The arrow closely misses you.
The centaur shoots an arrow.
The arrow closely misses you.
The centaur shoots an arrow.
The arrow closely misses you.
You regained 2 hp, and now have 24/62 hp.
The centaur shoots an arrow.
The arrow hits you!
* * * LOW HITPOINT WARNING * * *
The centaur shoots an arrow.
The arrow hits you.
* * * LOW HITPOINT WARNING * * *
You take 15 damage, and have 9/62 hp.
MASSIVE DAMAGE!!
The centaur shoots an arrow.
The arrow hits you!
* * * LOW HITPOINT WARNING * * *
You take 7 damage, and have 2/62 hp.
The centaur shoots an arrow.
The arrow hits you!
You die...

.###############
.......h.......#
########........
#.#####.#
#.#####.##
########.........
.........#####.##
########.# #
#c#####.####
#O..........


You could see a centaur.

Vanquished Creatures
  A water moccasin (D:4)
  An ogre (D:3)
  2 scorpions (D:4)
  A bombardier beetle (D:4)
  6 adders
  4 orcs
  6 ball pythons
  4 endoplasms
  7 giant cockroaches
  A goblin (D:3)
  7 hobgoblins
  7 kobolds
  2 quokkas
  5 bats
  5 rats
59 creatures vanquished.

Notes
Turn   | Place    | Note
-------+----------+-------------------------------------------
     0 | D:1      | mparten the Troll Shapeshifter began the quest for the Orb.
     0 | D:1      | Reached XP level 1. HP: 18/18 MP: 0/0
    96 | D:1      | Reached skill level 1 in Fighting
   173 | D:1      | Reached XP level 2. HP: 27/27 MP: 1/1
   188 | D:1      | Found a faded altar of an unknown god.
   749 | D:2      | Reached XP level 3. HP: 21/35 MP: 2/2
   996 | D:2      | Reached XP level 4. HP: 26/42 MP: 3/3
  1004 | D:2      | Identified the +1 leather armour "Ydy Sasa" {rF+ Int+5}
  1253 | D:3      | Noticed an ogre
  1260 | D:3      | Reached skill level 4 in Unarmed Combat
  1271 | D:3      | Killed an ogre
  1272 | D:3      | Reached XP level 5. HP: 49/50 MP: 4/4
  1712 | D:4      | Reached XP level 6. HP: 52/61 MP: 5/5
  1812 | D:4      | Found a shimmering blue altar of Sif Muna.
  1938 | D:4      | Reached skill level 5 in Unarmed Combat
  1998 | D:4      | Found Tyt Udev's Serpentskin Sales.
  1998 | D:4      | Noticed a water moccasin
  2003 | D:4      | Killed a water moccasin
  2150 | D:5      | Entered Level 5 of the Dungeon
  2174 | D:5      | HP: 2/62 [centaur/arrow (8)]
  2175 | D:5      | Shot with an arrow by a centaur

Illustrated notes

Levels and vault maps discovered:
D:1:      zelgadis_glass_arrival_small, layout_loops_ring,
          basic_ecumenical_altar
D:2:      layout_basic, grunt_decor_resistance
D:3:      layout_rooms, nrook_mini_backslash, minmay_bisected
D:4:      layout_rooms, kennysheep_little_box, guppyfry_shop_venom
D:5:      layout_loops_ring, nicolae_overflow_quartered_altars,
          mrwooster_statue_mirror, chequers_serial_rivers_micro_b

Skill      XL: |  1  2  3  4  5  6 |
---------------+-------------------+-----
Fighting       | 1 2 3 |  3.7
Unarmed Combat | 4 5 |  5.4
Shapeshifting  | 4 |  4.1
Dodging        | |  1.5

Action                     |  1- 3 |  4- 6 || total
---------------------------+-------+-------++-------
  Melee: Unarmed           |    79 |    74 ||   153
         Punch             |       |     1 ||     1
   Stab: Sleeping          |     1 |       ||     1
 Armour: Animal skin       |    24 |    36 ||    60
         Skin              |    25 |     7 ||    32
  Dodge: Dodged            |    51 |    41 ||    92
   Form: Beast             |     1 |     2 ||     3
                           |     1 |     1 ||     2
         Flux              |     1 |       ||     1
